 Dungeon Crawl Stone Soup version 0.30.1-4-g462c640d31 (webtiles) character file.

Game seed: 16585249746766697583

74385 anacleto the Shatterer (level 15, -2/210 HPs)
             Began as a Troll Gladiator on Sept 5, 2023.
             Was the Champion of Qazlal.
             Splashed by a brown very ugly thing's acid (7 damage)
             ... on level 2 of the Abyss.
             The game lasted 01:44:46 (26548 turns).

anacleto the Shatterer (Troll Gladiator)           Turns: 26548, Time: 01:44:47

Health: -2/210     AC: 23    Str: 38    XL:     15   Next: 6%
Magic:  29/29      EV:  1    Int:  4    God:    Qazlal [******]
Gold:   1887       SH:  0    Dex: 11    Spells: 14/14 levels left

rFire   + . .        a - +1 giant spiked club (freeze)
rCold   . . .        (shield currently unavailable)
rNeg    . . .        z - melded +0 acid dragon scales
rPois   +            f - melded +2 hat
rElec   .            d - melded +0 cloak "Hyrru" {rC+}
rCorr   .            (gloves unavailable)
SInv    .            (boots unavailable)
Will    +....        y
                       - Hermit's Pendant {Faith Invo=14 Evo=0 MP+5} Stlth
                     n - +6 ring of strength
HPRegen 0.00/turn    (no ring)
MPRegen 0.21/turn

%: repel missiles, faith
@: confused, on fire, tree-form, ambrosia-drunk, protected from fire, corroded,
sick, glowing, unable to read
A: stationary, stasis, torment immunity, boosted hp, large, unfitting armour,
(claws 3), regeneration 1, (shaggy fur 1), (tough skin 1)
a: Renounce Religion, Upheaval, Elemental Force, Disaster Area


You were on level 2 of the Abyss.
You worshipped Qazlal.
Qazlal was exalted by your worship.
You were a tree.
You visited 3 branches of the dungeon, and saw 21 of its levels.
You visited the Abyss 1 time.
You also visited: Ossuary and Gauntlet.

You collected 2898 gold pieces.
You spent 1011 gold pieces at shops.

Inventory:

Hand Weapons
 a - a +1 giant spiked club of freezing (weapon)
 b - a +2 heavy dire flail
Missiles
 e - 22 large rocks (quivered)
 x - 6 poisoned darts
 D - 3 atropa-tipped darts
 K - 4 silver javelins
 M - 10 boomerangs
Armour
 d - the +0 cloak "Hyrru" (melded) {rC+}
   (You found it in a Gauntlet)

   rC:        It protects you from cold.
 f - a +2 hat (melded)
 z - +0 acid dragon scales (melded)
Jewellery
 n - a +6 ring of strength (left branch)
 p - the ring "Jiukhlesav" {rElec Will+ rCorr Dex-5}
   (You found it in a Gauntlet)

   [ring of willpower]

   Dex:       It affects your dexterity (-5).
   rElec:     It insulates you from electricity.
   rCorr:     It protects you from acid and corrosion.
   Will:      It increases your willpower.
 s - an amulet of reflection
 y - the Hermit's Pendant (around neck) {Faith Invo=14 Evo=0 MP+5}
   (You found it on level 4 of the Dungeon)

   [amulet of faith]

   Invo=14: It sets your Invocations skill to 14.
   Evo=0: It sets your Evocations skill to 0.
   It allows you to gain divine favour quickly.
   MP:        It affects your magic capacity (+5).
 G - a ring of poison resistance
 O - a ring of wizardry
 R - a ring of positive energy
 S - an amulet of guardian spirit
 Y - a ring of positive energy
Wands
 k - a wand of flame (30)
 r - a wand of polymorph (15)
 A - a wand of paralysis (9)
 F - a wand of mindburst (4)
 L - a wand of roots (9)
Scrolls
 c - 3 scrolls of vulnerability
 l - 2 scrolls of immolation
 o - 4 scrolls of enchant armour
 w - a scroll of summoning
 E - 2 scrolls of amnesia
 H - 2 scrolls of fog
 J - 6 scrolls of identify
 T - a scroll of poison
 Z - a scroll of teleportation
Potions
 g - 2 potions of magic
 h - 8 potions of cancellation
 i - 3 potions of lignification
 j - 5 potions of attraction
 m - 10 potions of curing
 q - a potion of berserk rage {unknown}
 t - 5 potions of mutation
 u - 6 potions of brilliance
 v - 3 potions of flight
 C - 3 potions of invisibility
 I - 3 potions of resistance
 P - a potion of might
 W - 2 potions of haste
 X - a potion of heal wounds
Miscellaneous
 N - a phial of floods
 U - a phantom mirror
 V - a piece from Xom's chessboard (15/15)


   Skills:
 - Level 7.0 Fighting
 * Level 22.0 Maces & Flails
 - Level 7.7 Throwing
 - Level 2.4 Dodging


You had 14 spell levels left.
You didn't know any spells.
Your spell library contained the following spells:

 Spells                   Type           Power      Damage    Failure   Level
 Necrotise                Necr           0%         1d4       50%         1
 Ensorcelled Hibernation  Hex/Ice        0%         N/A       65%         2
 Lesser Beckoning         Tloc           0%         N/A       65%         2
 Passwall                 Tmut/Erth      0%         N/A       65%         2
 Scorch                   Fire           0%         2d5       65%         2
 Gell's Gravitas          Tloc           0%         N/A       86%         3
 Ozocubu's Armour         Ice            0%         N/A       86%         3
 Summon Guardian Golem    Hex/Summ       0%         N/A       86%         3
 Swiftness                Air            0%         N/A       86%         3
 Teleport Other           Tloc           0%         N/A       86%         3
 Vampiric Draining        Necr           0%         2d6       86%         3
 Anguish                  Hex/Necr       0%         N/A       99%         4
 Cause Fear               Hex            0%         N/A       99%         4
 Flame Wave               Conj/Fire      0%         2d4       99%         4
 Passage of Golubria      Tloc           0%         N/A       99%         4
 Agony                    Necr           0%         N/A       100%        5
 Metabolic Englaciation   Hex/Ice        0%         N/A       100%        5
 Silence                  Hex/Air        0%         N/A       100%        5
 Dispersal                Tloc           0%         N/A       100%        6
 Simulacrum               Ice/Necr       0%         N/A       100%        6
 Summon Cactus Giant      Summ           0%         N/A       100%        6
 Enfeeble                 Hex            0%         N/A       100%        7
 Malign Gateway           Summ/Tloc      0%         N/A       100%        7
 Orb of Destruction       Conj           0%         9d5       100%        7
 Spellforged Servitor     Conj/Summ      0%         N/A       100%        7
 Lehudib's Crystal Spear  Conj/Erth      0%         10d2      100%        8
 Summon Horrible Things   Summ           0%         N/A       100%        8


Dungeon Overview and Level Annotations

Branches:
Dungeon (14/15)            Temple (0/1) D:6            Lair (5/5) D:11
  Swamp (0/4) Lair:3       Spider (0/4) Lair:2        Slime (0/5) Lair:5
    Orc (2/2) D:9             Elf (0/3) Orc:2        Vaults (0/5) D:13
Ossuary (visited)         Gauntlet (visited)

Altars:
Cheibriados
Elyvilon
Fedhas
Kikubaaqudgha
Makhleb
Nemelex Xobeh
Okawaru
Qazlal
Ru
Sif Muna
Vehumet
Jiyva

Shops:
D:3 !   D:7 !   D:9 *   Orc:2 [!*

Annotations:
D:3 1 runed translucent door, Crazy Yiuf
D:14 Frances; Louise
Lair:5 3 runed translucent doors, nonceun's ghost, journeyman MiBe


Innate Abilities, Weirdness & Mutations

You are a tree.
Your roots penetrate the ground, keeping you stationary.
You cannot be teleported.
You are immune to unholy pain and torment.
Your maximum health is greatly increased.
Your equipment is partially melded.
You are too large for most types of armour.
((You have claws for hands.))
Your natural rate of healing is unusually fast.
((You are covered in fur. (AC +1)))
((You have tough skin. (AC +1)))


Message History

* * * LOW HITPOINT WARNING * * *
You are confused.
You feel invigorated.
The small abomination is engulfed in a thunderstorm.
The small abomination hits you.
* * * LOW HITPOINT WARNING * * *
Your resistance to fire fades away.
You feel protected from physical attacks.
The green very ugly thing basks in the mutagenic energy from its kin and changes!
The brown very ugly thing tentacle-slaps you but does no damage.
You bludgeon the smoke demon!! You freeze the smoke demon.
The smoke demon is heavily wounded.
The small abomination hits you but does no damage.
The smoke demon hits you but does no damage. x3
The brown very ugly thing tentacle-slaps you but does no damage.
You hit the small abomination. You freeze the small abomination.
You destroy the small abomination!
Qazlal accepts your kill.
The green very ugly thing basks in the mutagenic energy from its kin and changes!
The smoke demon gestures at you.
The sticky flame hits you but does no damage.
You are covered in liquid flames!
Your resistance to physical damage fades away.
You feel protected from fire.
You swing at nothing.
You are covered in liquid flames!
* * * LOW HITPOINT WARNING * * *
The brown very ugly thing tentacle-slaps you!
* * * LOW HITPOINT WARNING * * *
The acid corrodes you!
You are splashed with acid.
* * * LOW HITPOINT WARNING * * *
You swing at nothing.
You are covered in liquid flames!
You feel more protected from fire.
* * * LOW HITPOINT WARNING * * *
The smoke demon hits you but does no damage. x3
The brown very ugly thing tentacle-slaps you.
* * * LOW HITPOINT WARNING * * *
You are splashed with acid!
You die...

.. ..# ..∩. . ......
#...d.##..... .....# .
.....(.....#.....##
.... #...(............
. ..
.#......†..u...... .
.......(........# .
..#.. ..(.u.○...## .
........#...#u†○......
. .....##. .#§♣.....#
. .# .
..#.....○3.§.#.#
.####..#...##.#°#..#
##########.#. ## #. .#
#


You could see 3 very ugly things and a smoke demon.

Vanquished Creatures
  Jorgrun (D:12)
  Kirke (D:11)
  A very ugly thing (Abyss:2)
  A red draconian (Abyss:2)
  A minotaur (Gauntlet)
  A bunyip (Abyss:2)
  3 hydras
  4 vault guards
  Erolcha (Orc:2)
  A catoblepas (D:14)
  3 boulder beetles
  5 centaur warriors
  6 two-headed ogres
  A hell hog (Gauntlet)
  3 death yaks (Lair:5)
  An orc high priest (Orc:2)
  10 spriggans (Lair:5)
  A fire crab (shapeshifter) (D:14)
  A wretched star (Abyss:2)
  Pikel (D:4)
  A necromancer (D:11)
  An oklob plant (Lair:4)
  6 orc sorcerers
  6 ugly things
  3 elephants (Lair:2)
  4 manticores
  7 cyclopes
  Joseph (D:9)
  A gargoyle (D:13)
  A torpor snail (Lair:2)
  2 black mambas (Lair:2)
  8 cane toads
  A kobold demonologist (D:10)
  4 rime drakes
  7 komodo dragons
  2 unseen horrors
  A tengu conjurer (D:13)
  An ancient zyme (Abyss:2)
  5 trolls
  9 polar bears
  Prince Ribbit (D:8)
  4 hornets (Lair:5)
  6 dream sheep
  4 blink frogs
  Sigmund (D:4)
  5 slime creatures
  A vampire (D:13)
  3 centaur simulacra
  2 culicivoras (Lair:2)
  A shadow (D:9)
  2 fire bats (Gauntlet)
  7 wyverns
  2 hogs (D:11)
  41 yaks
  2 wraiths
  3 basilisks
  Grum (D:9)
  A steam dragon (D:6)
  2 chaos spawn (Abyss:2)
  A redback (Lair:2)
  3 vampire mosquitoes (D:12)
  A neqoxec (Abyss:2)
  Menkaure (D:7)
  A harpy simulacrum (Gauntlet)
  14 water moccasins
  2 acid dragons (D:11)
  3 hell hounds (Gauntlet)
  A meliai simulacrum (Gauntlet)
  An ice dragon simulacrum (Gauntlet)
  17 orc warriors
  3 ice beasts
  2 black bears
  A large abomination (Abyss:2)
  4 small abominations (Abyss:2)
  26 wolves
  4 ogres
  3 boggarts (Lair:5)
  4 centaurs
  A lemure (D:4)
  Blork the orc (D:4)
  A kobold brigand (D:10)
  7 bullfrogs
  A gnoll sergeant (D:9)
  2 scorpions
  A water moccasin zombie (Ossuary)
  4 wights (D:10)
  6 killer bees
  A troll zombie (D:9)
  2 vampire bats (D:8)
  3 howler monkeys
  An electric eel (D:12)
  3 jellies
  A hound (D:5)
  2 gnoll boudas
  19 orc priests
  Ijyb (D:4)
  5 iguanas
  27 orc wizards
  4 polar bear simulacra (D:11)
  4 hell rats (Lair:3)
  A wolf simulacrum (D:11)
  2 yak simulacra (D:11)
  3 ogre zombies (D:9)
  2 mummies (Ossuary)
  18 gnolls
  6 adders
  2 white imps
  2 ufetubi
  5 adder zombies (Ossuary)
  2 worms
  74 orcs
  7 ball pythons
  2 bat skeletons (D:8)
  4 bat zombies (D:8)
  7 endoplasms
  3 giant cockroaches
  2 gnoll zombies (Ossuary)
  3 goblins
  8 hobgoblins
  3 jackals (D:5)
  3 quokkas
  12 bats
  2 frilled lizards
  2 goblin skeletons (D:9)
  2 goblin zombies (D:9)
  3 hobgoblin skeletons (D:9)
  7 hobgoblin zombies
  11 kobolds
  6 kobold zombies (Ossuary)
  2 orc skeletons (D:9)
  19 orc zombies
  6 rats
  4 river rat simulacra (D:11)
631 creatures vanquished.

Vanquished Creatures (collateral kills)
  A two-headed ogre (D:9)
  3 spriggans (Lair:5)
  A two-headed ogre zombie (D:9)
  A water moccasin (Lair:5)
  2 black bears (Lair:5)
  A boggart (Lair:5)
  A phantom (D:9)
  2 wolves (Lair:5)
  A gnoll sergeant (D:9)
  An orc wizard (D:9)
  3 ogre zombies (D:9)
  A gnoll (D:9)
  3 orc zombies (D:9)
21 creatures vanquished.

Vanquished Creatures (others)
  A human (D:12)
  An orc wizard (Orc:2)
2 creatures vanquished.

Grand Total: 654 creatures vanquished

Notes
Turn   | Place    | Note
-------+----------+-------------------------------------------
     0 | D:1      | anacleto the Troll Gladiator began the quest for the Orb.
     0 | D:1      | Reached XP level 1. HP: 19/19 MP: 0/0
   195 | D:1      | Reached skill level 3 in Maces & Flails
   195 | D:1      | Reached XP level 2. HP: 24/28 MP: 1/1
   768 | D:2      | Reached XP level 3. HP: 32/35 MP: 2/2
  1427 | D:3      | Reached XP level 4. HP: 42/42 MP: 3/3
  2069 | D:3      | Found a runed translucent door.
  2070 | D:3      | Noticed Crazy Yiuf
  2230 | D:3      | Found Dukoyxt's Distillery.
  2240 | D:3      | Bought a potion of curing for 36 gold pieces
  2240 | D:3      | Bought a potion of flight for 36 gold pieces
  2436 | D:3      | Reached skill level 4 in Maces & Flails
  2948 | D:4      | Found a burning altar of Makhleb.
  3084 | D:4      | Noticed Sigmund
  3091 | D:4      | Killed Sigmund
  3092 | D:4      | Reached XP level 5. HP: 31/52 MP: 4/4
  3092 | D:4      | Reached XP level 6. HP: 35/59 MP: 5/5
  3143 | D:4      | Noticed Blork the orc
  3153 | D:4      | Killed Blork the orc
  3154 | D:4      | Reached skill level 5 in Maces & Flails
  3283 | D:4      | Noticed Ijyb
  3297 | D:4      | Killed Ijyb
  3435 | D:4      | Found a faded altar of an unknown god.
  3435 | D:4      | Found the Hermit's Pendant {Faith Invo=14 Evo=0 MP+5}
  3637 | D:4      | Found a sacrificial altar of Ru.
  3977 | D:4      | Noticed Pikel
  4181 | D:5      | Entered Level 5 of the Dungeon
  4186 | D:5      | Reached XP level 7. HP: 65/67 MP: 16/16
  4292 | D:5      | Found a radiant altar of Vehumet.
  4405 | D:5      | Found a stormy altar of Qazlal.
  4433 | D:5      | Became a worshipper of Qazlal Stormbringer
  4635 | D:5      | Reached skill level 6 in Maces & Flails
  5107 | D:6      | Found a sand-covered staircase.
  5116 | Ossuary  | Entered an ossuary
  5176 | Ossuary  | Reached * piety under Qazlal
  5273 | Ossuary  | Reached XP level 8. HP: 78/78 MP: 17/17
  5435 | D:6      | Reached ** piety under Qazlal
  5627 | D:6      | Found a staircase to the Ecumenical Temple.
  5994 | D:6      | Reached skill level 7 in Maces & Flails
  6249 | D:7      | Found Xaeg's Distillery.
  6253 | D:7      | Bought a potion of lignification for 33 gold pieces
  6349 | D:7      | Reached skill level 5 in Throwing
  6567 | D:7      | Noticed Menkaure
  6578 | D:7      | Killed Menkaure
  6815 | D:7      | Reached skill level 5 in Fighting
  6815 | D:7      | Reached skill level 8 in Maces & Flails
  7177 | D:8      | Reached XP level 9. HP: 83/88 MP: 18/18
  7197 | D:8      | Reached *** piety under Qazlal
  7230 | D:8      | Found a shimmering blue altar of Sif Muna.
  7298 | D:8      | HP: 3/88 [orc warrior/+0 glaive (15)]
  7713 | D:8      | Found an ancient bone altar of Kikubaaqudgha.
  8373 | D:8      | Noticed Prince Ribbit
  8379 | D:8      | Killed Prince Ribbit
  8546 | D:9      | Reached skill level 9 in Maces & Flails
  8552 | D:9      | Reached **** piety under Qazlal
  8596 | D:9      | Noticed Grum
  8659 | D:9      | Found Cuonn's Assorted Antiques.
  8663 | D:9      | Bought a scroll of identify for 58 gold pieces
  8663 | D:9      | Bought a scroll of identify for 58 gold pieces
  8663 | D:9      | Bought a twisted copper wand for 116 gold pieces
  8802 | D:9      | Killed Grum
  8832 | D:9      | Noticed Joseph
  8840 | D:9      | Reached XP level 10. HP: 35/98 MP: 19/19
  8870 | D:9      | Killed Joseph
  8871 | D:9      | Reached skill level 10 in Maces & Flails
  9137 | D:9      | Reached ***** piety under Qazlal
  9244 | D:9      | Found a staircase to the Orcish Mines.
  9337 | D:9      | Found a white marble altar of Elyvilon.
  9387 | D:9      | Noticed a two-headed ogre
  9525 | D:9      | Killed a two-headed ogre
  9661 | D:9      | Noticed a two-headed ogre
  9668 | D:9      | Killed a two-headed ogre
  9669 | D:9      | Reached skill level 11 in Maces & Flails
  9951 | D:9      | Found a snail-covered altar of Cheibriados.
 10302 | D:10     | Entered Level 10 of the Dungeon
 10612 | D:10     | Noticed a manticore
 10619 | D:10     | Killed a manticore
 10620 | D:10     | Reached XP level 11. HP: 25/106 MP: 20/20
 10744 | D:10     | Reached skill level 12 in Maces & Flails
 10769 | D:10     | Noticed a brown ugly thing
 10781 | D:10     | Killed a brown ugly thing
 10782 | D:10     | Noticed a two-headed ogre
 10788 | D:10     | Killed a two-headed ogre
 11069 | D:7      | Bought a potion of curing for 33 gold pieces
 11069 | D:7      | Bought a potion of curing for 33 gold pieces
 11069 | D:7      | Bought a potion of curing for 33 gold pieces
 11069 | D:7      | Bought 3 potions of curing for 99 gold pieces
 11244 | D:4      | Killed Pikel
 11493 | D:10     | Found a sparkling altar of Nemelex Xobeh.
 11658 | D:10     | Reached skill level 13 in Maces & Flails
 11676 | D:10     | Found an iron altar of Okawaru.
 11970 | Orc:1    | Entered Level 1 of the Orcish Mines
 12180 | Orc:1    | Noticed an orc sorcerer
 12289 | Orc:1    | Paralysed by an orc sorcerer for 2 turns
 12325 | Orc:1    | Killed an orc sorcerer
 12689 | D:3      | Bought 2 potions of heal wounds for 120 gold pieces
 12689 | D:3      | Bought a potion of haste for 120 gold pieces
 12689 | D:3      | Bought a potion of invisibility for 96 gold pieces
 13155 | Orc:2    | Entered Level 2 of the Orcish Mines
 13463 | Orc:2    | Noticed Erolcha
 13485 | Orc:2    | Noticed an orc sorcerer
 13487 | Orc:2    | Killed an orc sorcerer
 13540 | Orc:2    | Killed Erolcha
 13584 | Orc:2    | Reached skill level 14 in Maces & Flails
 13596 | Orc:2    | Noticed an orc sorcerer
 13609 | Orc:2    | Killed an orc sorcerer
 13644 | Orc:2    | Reached ****** piety under Qazlal
 13721 | Orc:2    | Noticed an orc sorcerer
 13729 | Orc:2    | Killed an orc sorcerer
 13736 | Orc:2    | Noticed an orc high priest
 13746 | Orc:2    | Killed an orc high priest
 13747 | Orc:2    | Reached XP level 12. HP: 114/118 MP: 21/21
 13991 | Orc:2    | Paralysed by an orc sorcerer for 4 turns
 13994 | Orc:2    | Reached skill level 15 in Maces & Flails
 14038 | Orc:2    | Found a staircase to the Elven Halls.
 14230 | Orc:2    | Found Jyjoply's Armour Emporium.
 14230 | Orc:2    | Found Puom's Distillery.
 14231 | Orc:2    | Found Beossi Dukhe's Assorted Antiques.
 14235 | Orc:2    | Found Tytuer's Assorted Antiques.
 14241 | Orc:2    | Bought a scroll labelled WYLIEM YX MAU for 35 gold pieces
 14241 | Orc:2    | Bought a scroll of teleportation for 105 gold pieces
 14410 | Orc:2    | Acquired 463 gold pieces
 14539 | D:11     | Noticed a two-headed ogre
 14543 | D:11     | Killed a two-headed ogre
 14570 | D:11     | Found a staircase to the Lair.
 14664 | D:11     | Identified the +9 falchion "Loiluski" {holy, rPois rC++
                  | Str+2 Int-2}
 14799 | D:11     | HP: 4/118 [polar bear simulacrum (6)]
 15739 | D:12     | Noticed Kirke
 15754 | D:11     | Killed Kirke
 15755 | D:11     | Reached skill level 16 in Maces & Flails
 15915 | D:12     | Noticed Jorgrun
 15949 | D:12     | Killed Jorgrun
 16292 | D:12     | Noticed a centaur warrior
 16304 | D:12     | Killed a centaur warrior
 16305 | D:12     | Reached skill level 17 in Maces & Flails
 16487 | D:12     | Noticed a boulder beetle
 16505 | D:12     | Killed a boulder beetle
 16920 | Lair:1   | Entered Level 1 of the Lair of Beasts
 16962 | Lair:1   | Reached XP level 13. HP: 124/124 MP: 22/22
 18413 | Lair:2   | Reached skill level 18 in Maces & Flails
 18475 | Lair:2   | Found a hole to the Spider Nest.
 19511 | Lair:3   | Found a staircase to the Swamp.
 20243 | Lair:4   | Found a gate leading to a gauntlet.
 20252 | Gauntlet | Entered a Gauntlet
 20252 | Gauntlet | Found a transporter.
 20354 | Gauntlet | Found a runed translucent door.
 20355 | Gauntlet | Found a transporter.
 20358 | Gauntlet | Found a transporter.
 20359 | Gauntlet | Found a transporter.
 20362 | Gauntlet | Found a transporter.
 20363 | Gauntlet | Found a transporter.
 20371 | Gauntlet | Found a transporter.
 20372 | Gauntlet | Found a transporter.
 20392 | Gauntlet | Found a transporter.
 20411 | Gauntlet | Found a transporter.
 20415 | Gauntlet | Found a transporter.
 20417 | Gauntlet | Found a runed translucent gate.
 20417 | Gauntlet | Found a runed translucent gate.
 20417 | Gauntlet | Found a runed translucent gate.
 20424 | Gauntlet | Found a transporter.
 20503 | Gauntlet | Identified the ring "Jiukhlesav" {rElec Will+ rCorr Dex-5}
 20529 | Gauntlet | Reached skill level 19 in Maces & Flails
 20623 | Gauntlet | Identified the +0 cloak "Hyrru" {rC+}
 20640 | Gauntlet | Noticed a minotaur
 20656 | Gauntlet | Killed a minotaur
 20943 | Lair:4   | Identified the +7 sling "Pykhlo" {freeze, rElec}
 21130 | Lair:4   | Found a blossoming altar of Fedhas.
 21484 | Lair:5   | Entered Level 5 of the Lair of Beasts
 22018 | Lair:4   | Reached XP level 14. HP: 108/133 MP: 23/23
 22452 | Lair:5   | Found a runed translucent gate.
 22452 | Lair:5   | Found a runed translucent gate.
 22452 | Lair:5   | Found a runed translucent gate.
 22453 | Lair:5   | Noticed nonceun's ghost (journeyman MiBe)
 22494 | Lair:5   | Reached skill level 20 in Maces & Flails
 22667 | Lair:5   | Found a viscous altar of Jiyva.
 22667 | Lair:5   | Found a staircase to the Slime Pits.
 23248 | Lair:5   | Paralysed by a hornet for 1 turns
 24569 | D:13     | Reached skill level 21 in Maces & Flails
 25143 | D:13     | Found a gate to the Vaults.
 25656 | D:14     | Noticed Louise
 25949 | D:14     | Noticed Frances
 26267 | D:14     | Identified the ring of Untruth {rN+ MP+9}
 26421 | Abyss:2  | Cast into level 2 of the Abyss (a wizard)
 26521 | Abyss:2  | Reached XP level 15. HP: 76/140 MP: 24/24
 26543 | Abyss:2  | Reached skill level 22 in Maces & Flails
 26547 | Abyss:2  | HP: 9/210 [acid (5)]
 26548 | Abyss:2  | Splashed by a brown very ugly thing's acid

Illustrated notes

Levels and vault maps discovered:
D:1:      ncdulo_smallfort, layout_basic
D:2:      layout_loops_ring, kennysheep_generic_room_16
D:3:      layout_basic, serial_shops, nicolae_shop_trees, grunt_ministairs_6,
          uniq_crazy_yiuf_cottage
D:4:      layout_basic, general_overflow_altar, mainiacjoe_overflow_chevrons,
          hellmonk_guarded_unrand_hermit, uniq_ijyb, uniq_blork_the_orc,
          uniq_pikel, uniq_sigmund
D:5:      layout_loops_ring, mainiacjoe_overflow_alcove_1,
          nicolae_qazlal_general_emergency
D:6:      layout_basic, minmay_temple_entry_arrows,
          nicolae_ossuary_entry_monument, st_stairs_12
D:7:      layout_basic, serial_shops, shop, uniq_menkaure
D:8:      layout_cave_pods, kennysheep_vampire_church,
          overflow_temple_1_default, st_stairs_1,
          hangedman_abyss_or_decor_slice, uniq_prince_ribbit1
D:9:      layout_basic, slow_altar_2, mainiacjoe_overflow_six_doors_small,
          zombieorc2_lemuel, serial_shops, nicolae_shop_hallway_stairs,
          minmay_misc_feat_cross, corexii_leaking_fountain,
          minmay_fractal_squares_5, uniq_joseph, uniq_grum
D:10:     layout_roguey, okawaru_altar_gauntlet_db,
          mainiacjoe_overflow_concentric_impassable, minmay_misc_feat_columns,
          grunt_decor_resistance
D:11:     layout_basic, lair_entry_dummy, chequers_jeans, eino_house_with_fridge
D:12:     statuecave_lemuel, layout_rooms, uniq_kirke, uniq_jorgrun
D:13:     layout_irregular_city, lightli_vaults_fourway_checkpoint
D:14:     layout_rooms, uniq_roxanne, uniq_louise, uniq_frances
Lair:1:   layout_loops_ring
Lair:2:   layout_chaotic_city, spider_nest_entry_funnel_web,
          infiniplex_staircase_pool_2
Lair:3:   layout_regular_city, minmay_swamp_entry_reptiles, patterned_corridor,
          grunt_megastairs_4, lemuel_fruit_fields, infiniplex_staircase_pool
Lair:4:   layout_regular_city, gauntlet_entry_generic, tgw_fedhas,
          grunt_megastairs_1, lemuel_fruit_tree
Lair:5:   minmay_lair_end_enchanted_forest, layout_cave_pods,
          nicolae_slime_entry_field_trip, ebering_ghost_rock_garden,
          grunt_megastairs_2
Orc:1:    layout_caves
Orc:2:    st_orc_mages, layout_diamond_mine, mines_bat_river, uniq_erolcha
Abyss:2:  base:
Lair:4

Skill      XL: |  1  2  3  4  5  6  7  8  9 10 11 12 13 14 15 |
---------------+----------------------------------------------+-----
Maces & Flails | 3 4 5 6 8 9 11 14 17 19 21 22 | 22.0
Throwing       | 2 3 4 5 6 7 |  7.7
Fighting       | 2 3 4 5 6 7 |  7.0
Dodging        | |  2.4

Action                     |  1- 3 |  4- 6 |  7- 9 | 10-12 | 13-15 || total
---------------------------+-------+-------+-------+-------+-------++-------
  Melee: Flail             |   124 |   131 |   523 |    94 |       ||   872
         Punch             |     1 |     1 |     7 |       |       ||     9
         Giant spiked club |       |       |       |   310 |    61 ||   371
         Dire flail        |       |       |       |   157 |   457 ||   614
  Throw: Throwing net      |       |     5 |       |     2 |       ||     7
         Large rock        |       |     3 |     2 |     3 |    41 ||    49
         Dart              |       |    11 |    29 |    21 |    29 ||    90
         Boomerang         |       |       |       |    24 |   148 ||   172
 Invoke: Elemental Force   |       |       |     1 |     1 |     2 ||     4
  Evoke: Wand              |       |     3 |    16 |    15 |     6 ||    40
    Use: Scroll            |       |     2 |    24 |     5 |    11 ||    42
         Potion            |       |     2 |     7 |    10 |     6 ||    25
   Stab: Sleeping          |     2 |     3 |       |       |       ||     5
         Held in net/web   |       |     1 |       |       |       ||     1
         Paralysed         |       |       |     2 |     1 |       ||     3
 Armour: Robe              |    67 |    67 |   199 |    12 |       ||   345
         Skin              |       |     6 |     5 |    37 |    15 ||    63
         Troll leather arm |       |       |       |   123 |       ||   123
         Acid dragon scale |       |       |       |    72 |   237 ||   309
  Dodge: Dodged            |    79 |    86 |   278 |   287 |   225 ||   955
         Repelled          |       |       |       |     3 |     9 ||    12
  Block: Other             |       |       |    61 |   209 |   240 ||   510
